[Event "*** Titled Tuesday 3|2 Blitz (Late)"]
[Site "Chess.com"]
[Date "2016.11.01"]
[Round "3"]
[White "Zlatan56"]
[Black "Aygehovit1992"]
[Result "1-0"]
[WhiteElo "2650"]
[BlackElo "2430"]
[TimeControl "180+2"]
[EndTime "17:40:42 PDT"]
[Termination "Zlatan56 won by resignation"]

1. Nf3 g6 2. e4 Bg7 3. d4 d6 4.
Nc3 a6 5. Be3 b5 6. Bd3 Bb7 7.
O-O Nf6 8. e5 Ng4 9. e6 f5 10.
Ng5 O-O 11. Bf4 Nc6 12. d5 Nce5 13. h3 Nxd3 14. Qxd3 Ne5 15. Bxe5 dxe5 16. Rad1 Qd6 17. Nf7 Rxf7 18. exf7+ Kxf7 19. Rfe1 Rd8 20. Qf3 Kg8 21. a3 e4 22. Qe3 Bxc3 23. Qxc3 Bxd5 24. Qa5 e6 25. b3 Qc6 26. c4 bxc4 27. bxc4 Qxc4 28. Rc1 Qd4 29. Qxc7 Rf8 30. Qd6 f4 31. Red1 Qf6 32.
Rxd5 exd5 33. Qxd5+ Qf7 34. Qxe4 f3 35. g3 Qf5 36. Qc4+ Kg7 37. Kh2 a5 38. Qd4+ Qf6 39. Qxf6+ Rxf6 40. g4 Rf4 41. Rc7+ Kf6 42. Kg3 Ra4 43.
Rc3 h5 44. Rxf3+ Kg7 45. Rc3 hxg4 46. hxg4 Kf6 47. f3 g5 48. Rb3 Ke5 49. Re3+ Kf6 50. Kf2 Rc4 51. Ke2 Ra4 52. Kd2 Rf4 53. Kd3 Ra4 54. Kc2 Rc4+ 55. Rc3 Ra4 56. Kb3 Rd4 57. Rc6+ Ke5 58. Rc5+ Kf4 59. Rf5+ Ke3 60. Rxa5 Rd3+ 61.
Kb4 Rd4+ 62. Kc3 Rd3+ 63. Kb2 Rd2+ 64. Kc1 Ra2 65. Kb1 Rg2 66. Rxg5 Kxf3 67. a4 Kf4 68. Rg8 Ke3 69. a5 Kd3 70. a6 Kc3 71. a7 Rg1+ 72. Ka2 Rg2+ 73. Ka3 1-0

[Event "*** Titled Tuesday 3|2 Blitz (Late)"]
[Site "Chess.com"]
[Date "2016.11.01"]
[Round "3"]
[White "pKiLz5Rn9b"]
[Black "Peroncio"]
[Result "1-0"]
[WhiteElo "2498"]
[BlackElo "2496"]
[TimeControl "180+2"]
[EndTime "17:40:56 PDT"]
[Termination "pKiLz5Rn9b won by checkmate"]

1. e4 c5 2. c3 d5 3. exd5 Qxd5 4. d4 Nf6 5. Nf3 Bg4 6. Be2 e6 7. h3 Bh5 8. Be3 cxd4 9. cxd4 Nc6 10. Nc3 Qd6 11.
O-O Be7 12. Qb3 O-O 13. Rfd1 Rfd8 14. a3 a6 15. Rac1 Na5 16. Qa2 Rac8 17. d5 exd5 18. g4 Bg6 19. g5 Ne4 20. Nxd5 Qe6 21. Rxc8 Rxc8 22. Bf1 Bf8 23. b4 Nc6 24. Qb2 Rd8 25. Nf4 Qf5 26. Rxd8 Nxd8 27. Bd3 Ne6 28. Nxg6 Qxf3 29.
Qe5 Qd1+ 30. Bf1 hxg6 31. Qxe4 Qd7 32. h4 Bd6 33. Bc4 Nf8 34. Bd5 b5 35. Kg2 Qc7 36.
Bb3 a5 37. Bd2 axb4 38. axb4 Qd7 39. Bd5 Bc7 40. Be3 Qd6 41. Bc5 Qh2+ 42. Kf1 Qh3+ 43. Ke2 Qc3 44. Qf3 Qe5+ 45. Kf1 Ne6 46. Bb3 Qf4 47. Qxf4 Bxf4 48. Be7 Bd2 49. Ke2 Bc3 50. Kd3 Be1 51. Ke3 Bc3 52. Bd5 Nd4 53. Be4 Ne6 54.
Bd6 Be1 55. Bd3 Nd8 56. Bxb5 Ne6 57. Bc4 Nd8 58. b5 Ba5 59. Bc5 Nb7 60. Bd4 Nd6 61.
Bd3 Nc8 62. Bc5 Nb6 63. Kd4 f5 64. Ke5 Kf7 65. Kd6 Ke8 66. Kc6 Na4 67. Bd4 Kf7 68.
Bc4+ Kf8 69. b6 Nxb6 70. Bxb6 Be1 71. Bc5+ Ke8 72. Bd4 Kf8 73. Kd7 Bb4 74. Be5 Be1 75. Bd6# 1-0

[Event "*** Titled Tuesday 3|2 Blitz (Late)"]
[Site "Chess.com"]
[Date "2016.11.01"]
[Round "3"]
[White "SwiftyMcBishop"]
[Black "Wilsonpalencia"]
[Result "1-0"]
[WhiteElo "2100"]
[BlackElo "2135"]
[TimeControl "180+2"]
[EndTime "17:41:12 PDT"]
[Termination "SwiftyMcBishop won by resignation"]

1. e4 c5 2. Nf3 d6 3. c3 Nf6 4. h3 Nc6 5. Bd3 e5 6. Bc2 Be7 7. O-O O-O 8. d4 Qc7 9. Be3 Re8 10. Re1 b5 11. Nbd2 a5 12. Nf1 Bb7 13. Ng3 Bf8 14. Nf5 Rac8 15. Rc1 exd4 16. cxd4 Nxe4 17.
Bf4 Nb4 18. Bxe4 Bxe4 19. Rxc5 Bxf3 20. gxf3 Rxe1+ 21. Qxe1 Qd7 22. Rxc8 Qxc8 23. Nxd6 Bxd6 24. Bxd6 Nd3 25. Qxa5 h6 26. Qxb5 Qc1+ 27. Kg2 Ne1+ 28. Kg3 Qd1 29. Qd5 Qd3 30. Qe4 Qd2 31. Bf4 Qd1 32.
Qe8+ Kh7 33. Qe4+ g6 34. Qd5 Nd3 35. Qxf7+ Kh8 36. Qe8+ Kg7 37. Be5+ Nxe5 38. Qxe5+ Kf7 39. d5 Qg1+ 40. Kf4 Qxf2 41. Qe6+ Kf8 42. d6 Qd2+ 43. Ke5 Qxb2+ 44. Ke4 Qc2+ 45. Kf4 Qh2+ 46. Ke3 Qg1+ 47. Ke2 Qg2+ 48. Ke1 Qg1+ 49. Kd2 Qd4+ 50. Ke2 Qb2+ 51. Kd3 Qa3+ 52. Kc2 Qc5+ 53. Kb3 Qb5+ 54. Kc3 Qc5+ 55.
Kb2 Qb4+ 56. Kc2 Qc5+ 57. Kd3 Qb5+ 58. Qc4 Qf5+ 59. Qe4 Qb5+ 60. Ke3 Qc5+ 61. Qd4 Qc1+ 62. Ke4 Qe1+ 63. Kd5 Qa5+ 64. Qc5 Qxa2+ 65. Kc6 Qa8+ 66. Kc7 Kf7 67. d7 Qxf3 68. d8=Q Qf4+ 69. Qdd6 1-0

[Event "*** Titled Tuesday 3|2 Blitz (Late)"]
[Site "Chess.com"]
[Date "2016.11.01"]
[Round "3"]
[White "Rozum_Ivan"]
[Black "FairChess_on_YouTube"]
[Result "1/2-1/2"]
[WhiteElo "2592"]
[BlackElo "2755"]
[TimeControl "180+2"]
[EndTime "17:41:20 PDT"]
[Termination "Game drawn by agreement"]

1. Nf3 g6 2. e4 Bg7 3. Nc3 d6 4.
d4 Nf6 5. Be2 O-O 6. O-O c6 7. a4 Qc7 8. Re1 e5 9. h3 Nbd7 10. Bf1 exd4 11. Nxd4 Re8 12. g3 Nc5 13. Bg2 a5 14. Bf4 Nfd7 15. Qd2 Ne5 16. b3 Ne6 17. Be3 Nc5 18. Rad1 Ned7 19. Bh6 Bh8 20. Nde2 Na6 21. Qxd6 Qxd6 22. Rxd6 Nb4 23. Red1 Nc5 24. Rd8 Be6 25. Rxa8 Rxa8 26. Rd2 Bf6 27. Be3 b6 28. f4 Rd8 29.
Rxd8+ Bxd8 30. Nd4 Bd7 31. e5 Ne6 32. Nxe6 Bxe6 33.
Be4 Bxh3 34. Ne2 Bd7 35. Kf2 b5 36. Nc3 f5 37. exf6 Bxf6 38. Ne2 bxa4 39. bxa4 Nd5 40. Bd2 Bd8 41. Nd4 Bb6 42. c3 Nf6 43. Bf3 c5 44. Nc6 h5 45. c4 Kg7 46. Ke2 Be6 47.
Kd3 Bf5+ 48. Ke2 Bc2 49. Bxa5 Bxa5 50. Nxa5 Bxa4 51. Nb7 Nd7 52. Nd6 Kf6 53. Ke3 Ke7 54. Nb7 Bb3 55. Kd3 Ba2 56. Be4 g5 57. fxg5 Ne5+ 58. Kc3 Bxc4 59. Nxc5 Bf1 60. Kd4 Nf7 61. g6 Nh6 62. Ke5 Bh3 63. Bd3 Ng4+ 64. Kf4 Kf6 65. Ne4+ Kg7 66. Kg5 Ne5 67. Nf2 Bg4 68. Be4 Bf3 69.
Bf5 Be2 70. Nh3 Nf3+ 71. Kf4 h4 72. g4 Bf1 73. Nf2 Nd4 74. Be4 h3 75. Kg3 Ne2+ 76. Kh2 Nf4 77. Kg3 Ne2+ 78. Kh2 Nf4 79. Kg3 Nxg6 80. Bxg6 Kxg6 81. Nxh3 Bxh3 82. Kxh3 Kg5 83. Kg3 1/2-1/2

[Event "*** Titled Tuesday 3|2 Blitz (Late)"]
[Site "Chess.com"]
[Date "2016.11.01"]
[Round "3"]
[White "cheese111"]
[Black "BellJackson95"]
[Result "1-0"]
[WhiteElo "2259"]
[BlackElo "2241"]
[TimeControl "180+2"]
[EndTime "17:42:02 PDT"]
[Termination "cheese111 won by resignation"]

1. e4 e5 2. Nf3 Nc6 3. Bc4 Nf6 4.
d3 Bc5 5. O-O O-O 6. h3 d5 7.
exd5 Nxd5 8. Re1 Nb6 9. Bb3 a5 10. a3 a4 11. Ba2 Qf6 12. Nbd2 Qg6 13. Ne4 Be7 14. Ng3 Be6 15. Nxe5 Nxe5 16. Rxe5 Bf6 17.
Re1 Bd5 18. Bxd5 Nxd5 19. Qf3 c6 20. c3 Rfd8 21. d4 Nb6 22. Bf4 Nc4 23. Qe2 b5 24. Ne4 Be7 25. Nd2 Nxd2 26. Qxd2 Bf6 27. Re2 c5 28. Be5 Bxe5 29. Rxe5 cxd4 30. cxd4 Qf6 31. Rae1 Rab8 32. Qb4 h6 33. d5 g6 34. d6 Rxd6 35.
Rxb5 Rxb5 36. Qxb5 Rb6 37. Qxa4 Rxb2 38. Qe8+ Kg7 39.
Qe5 Rxf2 40. Qxf6+ Rxf6 41. Ra1 Ra6 42. a4 Ra5 43. Kf2 Kf6 44. Ke3 Ke5 45. Kd3 Kd5 46.
Ke3 f5 47. Kf4 Kd4 48. h4 Kd3 49. g3 Kd4 50. Ra3 Kc4 51. Ra1 Kc3 52. Kf3 Kb2 53.
Re1 Ra6 54. Re8 Kb3 55. Rh8 h5 56. Kf4 Rxa4+ 57. Kf3 Ra6 58. Rg8 Kc4 59. Kf4 Kd5 60. Kg5 Ke4 61. Rxg6 Ra8 62. Kxh5 f4 63. gxf4 Kxf4 64.
Rg4+ Kf5 65. Rg5+ Kf6 66. Kg4 Ra4+ 67. Kg3 Ra1 68. Rb5 Rg1+ 69. Kh3 Kg6 70. Rb6+ Kf5 71. Ra6 Kf4 72. Rf6+ Ke5 73. Rf8 Ke4 74. h5 Ke5 75.
Kh4 Ke6 76. h6 Ke7 77. Rf2 Rh1+ 78. Kg5 Rg1+ 79. Kh5 Rh1+ 80. Kg6 Rg1+ 81. Kh7 Ke6 82. Rf8 Ke7 83. Rg8 Rh1 84. Rg6 Kf7 85. Rg7+ Kf8 86. Ra7 Rg1 87. Kh8 Rg2 88. Rg7 Rh2 89. Rg6 Rh1 90.
Rf6+ Ke7 91. Kg7 Rg1+ 92. Rg6 Rxg6+ 93. Kxg6 Kf8 94. h7 1-0

[Event "*** Titled Tuesday 3|2 Blitz (Late)"]
[Site "Chess.com"]
[Date "2016.11.01"]
[Round "3"]
[White "GMKrikor"]
[Black "PaulfromSPb"]
[Result "0-1"]
[WhiteElo "2527"]
[BlackElo "2478"]
[TimeControl "180+2"]
[EndTime "17:43:03 PDT"]
[Termination "PaulfromSPb won by checkmate"]

1. e4 c5 2. Nf3 d6 3. d4 cxd4 4.
Nxd4 Nf6 5. Nc3 Nc6 6. Bg5 Bd7 7.
Qd2 e6 8. O-O-O a6 9. f3 b5 10. Kb1 b4 11. Nxc6 Bxc6 12. Ne2 Qb6 13. Nd4 Bd7 14.
Be3 Qb7 15. g4 Be7 16. h4 a5 17. h5 h6 18. Bd3 a4 19. Qe2 b3 20. cxb3 axb3 21.
Nxb3 O-O 22. g5 hxg5 23. Bxg5 Rxa2 24. Kxa2 Ra8+ 25. Kb1 Qxb3 26. Bc4 Qa4 27. h6 Qa1+ 28. Kc2 Qa4+ 29. Kb1 Qa1+ 30. Kc2 Qa4+ 31. b3 Qa2+ 32. Kd3 Qa5 33. hxg7 Qxg5 34. Rdg1 Nh5 35. Rxg5 Nf4+ 36. Kc2 Bxg5 37. Qf1 Kxg7 38. Rg1 f6 39. Kb1 d5 40.
Qd1 Rd8 41. exd5 exd5 42. Bd3 Re8 43. Bc2 Kf7 44. Qd4 Ne2 45. Qxd5+ Be6 46. Qb7+ Re7 47. Bg6+ Kxg6 48. Qxe7 Bf5+ 49. Kb2 Nxg1 50. Qe8+ Kg7 51. Qe7+ Kg6 52. Qe8+ Kg7 53. Qe7+ Kg6 54. b4 Nxf3 55. b5 Ne5 56. Qe8+ Kg7 57. Qe7+ Kg6 58. Kc3 Be3 59. Qe8+ Kg5 60. Qg8+ Kf4 61. Qg2 Nf3 62. Kb4 Be4 63.
Qg7 f5 64. Qh6+ Ng5 65. b6 Kg4 66. Qd6 f4 67. b7 Bxb7 68. Qd7+ Kg3 69. Qxb7 f3 70.
Qe7 Bf4 71. Kc4 f2 72. Qe2 Nf3 73. Kd3 Nh2 74. Qxf2+ Kxf2 75. Ke4 Kg3 76. Kd4 Kf3 77. Kd3 Ng4 78. Kd4 Be5+ 79. Kd5 Kf4 80. Kc5 Ke4 81. Kc4 Nf6 82. Kc5 Bf4 83. Kc4 Be3 84. Kc3 Nd5+ 85. Kc4 Nc7 86. Kc3 Bd4+ 87. Kc4 Ke3 88. Kb4 Kd3 89.
Kb3 Bc5 90. Ka4 Kc3 91. Ka5 Ba7 92. Ka4 Bb6 93. Ka3 Ne6 94. Ka4 Nd4 95. Ka3 Kc4 96.
Ka4 Bc7 97. Ka3 Nb5+ 98. Ka4 Nc3+ 99. Ka3 Bd6+ 100. Kb2 Kd3 101. Kb3 Bc5 102. Kb2 Kc4 103. Kc2 Be3 104. Kb2 Kd3 105. Kb3 Bc5 106. Kb2 Nd5 107. Kb3 Nb6 108. Kb2 Bb4 109. Kb3 Bc3 110. Ka3 Kc2 111. Ka2 Bf6 112. Ka3 Be7+ 113. Ka2 Nc4 114. Ka1 Nd2 115. Ka2 Bd6 116. Ka1 Nb3+ 117. Ka2 Nc1+ 118. Ka1 Be5# 0-1

[Event "*** Titled Tuesday 3|2 Blitz (Late)"]
[Site "Chess.com"]
[Date "2016.11.01"]
[Round "3"]
[White "KingFlorida"]
[Black "Gau_truc_lon"]
[Result "1/2-1/2"]
[WhiteElo "2300"]
[BlackElo "2243"]
[TimeControl "180+2"]
[EndTime "17:44:03 PDT"]
[Termination "Game drawn - insufficient material"]

1. Nf3 g6 2. d4 Bg7 3. Nc3 d5 4. Bf4 c6 5. e3 Nf6 6. Be2 O-O 7. Ne5 Nbd7 8. h4 Qa5 9. Kf1 h5 10. Bd3 Nxe5 11. Bxe5 Ng4 12. Bxg7 Kxg7 13. Be2 Qb4 14. Rb1 Qd6 15. Bxg4 Bxg4 16. Qd2 Bf5 17. Ne2 e5 18. dxe5 Qxe5 19. Qd4 f6 20. Rc1 Bg4 21. f3 Bd7 22. Kf2 Rfe8 23. Nf4 Qxd4 24. exd4 Re7 25. Rhe1 Rae8 26. Rxe7+ Rxe7 27. c4 dxc4 28. Rxc4 Bf5 29. d5 cxd5 30. Rd4 Rc7 31. Rd2 d4 32. Kg3 Rd7 33. Ne2 d3 34. Nc3 g5 35. hxg5 fxg5 36.
Kf2 Kf6 37. Nd1 Bg6 38. Ne3 b5 39. Rd1 d2 40. Ke2 Bd3+ 41. Kf2 Bc4 42. b3 Bf7 43.
Ke2 g4 44. fxg4 hxg4 45. Rxd2 Rxd2+ 46. Kxd2 Kg5 47. g3 a5 48. Ng2 Kf5 49. Ke3 a4 50.
bxa4 bxa4 51. a3 Bb3 52. Kd4 Ba2 53. Ne3+ Kg5 54. Kc3 Bb3 55. Kb4 Kf6 56. Nxg4+ Kf5 57. Nf2 Ke5 58. Kc3 Kf5 59. Kd4 Bc2 60. Ke3 Bb3 61.
Nd3 Kg4 62. Kf2 Kh3 63. Kf3 Bd1+ 64. Kf4 Be2 65. Nc5 Bd1 66. Ne4 Be2 67. g4 Kh4 68. g5 Bb5 69. Nf6 Bd3 70. Ng4 Kh5 71. Ne5 Bc2 72. Nf7 Kg6 73. Ne5+ Kg7 74. Ke3 Bb1 75. Kd4 Kf8 76. Kd5 Ke7 77. Kd4 Ke6 78.
Nd3 Kf5 79. Nc5 Bc2 80. Kc3 Bd1 81. Kd2 Bf3 82. Ke3 Bc6 83. Kd4 Kxg5 84. Kc4 Kf5 85.
Kb4 Ke5 86. Nxa4 Kd6 87. Nc5 Kc7 88. Ka5 Kb8 89. Kb6 Be8 90. Ne6 Bd7 91. Nc5 Be8 92. Na6+ Kc8 93. Nc7 Bd7 94. Nd5 Ba4 95. Nc3 Bc2 96. Ka7 Kd7 97. Nb5 Bd1 98. Nc3 Bc2 99.
Nb5 Bd1 100. Nd4 Kd6 101. Kb6 Kd5 102. Nb5 Kc4 103. Ka5 Kc5 104. Nc3 Bc2 105. Ne2 Bd1 106. Nf4 Bc2 107. Ne2 Bd1 108. Nc3 Bc2 109. Na2 Bd1 110. Nb4 Bb3 111. Nd3+ Kc6 112. Kb4 Bd1 113. a4 Bxa4 114. Kxa4 1/2-1/2

[Event "*** Titled Tuesday 3|2 Blitz (Late)"]
[Site "Chess.com"]
[Date "2016.11.01"]
[Round "4"]
[White "Quiet_Desperation"]
[Black "Scott-fox21"]
[Result "0-1"]
[WhiteElo "2281"]
[BlackElo "2197"]
[TimeControl "180+2"]
[EndTime "17:46:04 PDT"]
[Termination "Scott-fox21 won by resignation"]

1. e4 c5 2. Nf3 d6 3. d4 cxd4 4.
Nxd4 Nf6 5. Nc3 Nc6 6. Be3 Ng4 7. Bc1 Qb6 8. Be2 Nxd4 9. Nd5 Qc5 10. Bxg4 Nxc2+ 11. Kf1 Bxg4 12. Qxg4 Nxa1 0-1

[Event "*** Titled Tuesday 3|2 Blitz (Late)"]
[Site "Chess.com"]
[Date "2016.11.01"]
[Round "4"]
[White "Gau_truc_lon"]
[Black "kereswasbest"]
[Result "0-1"]
[WhiteElo "2216"]
[BlackElo "2137"]
[TimeControl "180+2"]
[EndTime "17:48:07 PDT"]
[Termination "kereswasbest won by resignation"]

1. e4 e6 2. d4 d5 3. Nc3 dxe4 4. Nxe4 Nd7 5. Nf3 Ngf6 6. Bd3 Be7 7. Nxf6+ Nxf6 8.
Qe2 O-O 9. Bg5 c6 10. O-O-O Qc7 11. h4 b6 12. g4 c5 13. Bxf6 Bxf6 14. Qe4 g6 15.
Qxa8 Bb7 16. Qxf8+ Kxf8 17. Rh3 Qf4+ 18. Nd2 Qxd4 19. c3 Qxg4 20. Rh2 Bd5 21. Re1 Qa4 22.
Nb3 Qf4+ 0-1

[Event "*** Titled Tuesday 3|2 Blitz (Late)"]
[Site "Chess.com"]
[Date "2016.11.01"]
[Round "4"]
[White "swayamsm"]
[Black "enfanterrible"]
[Result "1-0"]
[WhiteElo "2645"]
[BlackElo "2190"]
[TimeControl "180+2"]
[EndTime "17:48:56 PDT"]
[Termination "swayamsm won by resignation"]

1. d4 Nf6 2. c4 g6 3. Nc3 Bg7 4. e4 d6 5. Nf3 O-O 6. Be2 e5 7. O-O Nc6 8. d5 Ne7 9. Ne1 Ne8 10. f3 f5 11. Be3 Rf7 12. c5 Bf8 13. a4 f4 14. Bf2 g5 15. a5 h5 16. Nb5 a6 17.
cxd6 cxd6 18. Na3 Rg7 19. Nc4 g4 20. Bh4 Nc7 21. Nb6 Rb8 22. Rc1 gxf3 23. Bxf3 Bg4 24. Qc2 Nb5 25. Kh1 Nd4 26. Qc7 Qxc7 27. Rxc7 Ng6 28.
Rxg7+ Kxg7 29. Bf2 Be7 30. Bxd4 exd4 31. Nd3 Bg5 32.
h3 Bxf3 33. gxf3 Bh4 34. Rc1 Bg3 35. Rc7+ Kf6 36. Nd7+ Kg5 37. Nxb8 Nh4 38. e5 dxe5 39. d6 e4 40. d7 Nxf3 41. d8=Q+ Kf5 42. Rf7+ 1-0

[Event "*** Titled Tuesday 3|2 Blitz (Late)"]
[Site "Chess.com"]
[Date "2016.11.01"]
[Round "4"]
[White "popov_m"]
[Black "joppie2"]
[Result "1-0"]
[WhiteElo "2292"]
[BlackElo "2514"]
[TimeControl "180+2"]
[EndTime "17:49:17 PDT"]
[Termination "popov_m won by resignation"]

1. c4 e5 2. g3 d6 3. Bg2 g6 4. Nc3 Bg7 5. e4 Nc6 6. Nge2 h5 7. h3 h4 8. g4 g5 9. d3 Nd4 10. Nxd4 exd4 11. Ne2 Be6 12. f4 gxf4 13.
Nxf4 Be5 14. O-O Ne7 15. Nxe6 fxe6 16. Bg5 Qd7 17. Qd2 Ng6 18. Rf3 Bg7 19. Raf1 Ne5 20. R3f2 Rh7 21. b4 Ng6 22. e5 Bxe5 23. Bxb7 Rb8 24.
Be4 Rg7 25. Bxg6+ 1-0

[Event "*** Titled Tuesday 3|2 Blitz (Late)"]
[Site "Chess.com"]
[Date "2016.11.01"]
[Round "4"]
[White "chito89"]
[Black "superjem123"]
[Result "1-0"]
[WhiteElo "2491"]
[BlackElo "2493"]
[TimeControl "180+2"]
[EndTime "17:49:50 PDT"]
[Termination "chito89 won by resignation"]

1. d4 Nf6 2. c4 g6 3. Nc3 d5 4.
Nf3 Bg7 5. e3 O-O 6. cxd5 Nxd5 7. Bc4 Nxc3 8. bxc3 c5 9. O-O b6 10. Qe2 Bb7 11. Rd1 Qc7 12. e4 Nc6 13. h4 Rad8 14. Be3 Bc8 15. dxc5 bxc5 16. Rxd8 Rxd8 17. Rd1 Rxd1+ 18.
Qxd1 Na5 19. Qa4 Nxc4 20. Qe8+ Bf8 21. Bh6 1-0

[Event "*** Titled Tuesday 3|2 Blitz (Late)"]
[Site "Chess.com"]
[Date "2016.11.01"]
[Round "4"]
[White "GMMelik"]
[Black "wonderfultime"]
[Result "0-1"]
[WhiteElo "2380"]
[BlackElo "2704"]
[TimeControl "180+2"]
[EndTime "17:50:05 PDT"]
[Termination "wonderfultime won by resignation"]

1. e4 c5 2. Nf3 d6 3. d4 cxd4 4.
Nxd4 Nf6 5. Nc3 g6 6. Be3 Bg7 7. f3 O-O 8. Qd2 Nc6 9. O-O-O d5 10. Kb1 Nxd4 11. e5 Nf5 12. exf6 exf6 13. Nxd5 Nxe3 14.
Qxe3 Be6 15. Bc4 f5 16. Bb3 a5 17. Nc3 Qf6 18. Bxe6 fxe6 19. Rd6 Rfe8 20. Re1 Rad8 21.
Rb6 Qf7 22. g4 Bd4 0-1

[Event "*** Titled Tuesday 3|2 Blitz (Late)"]
[Site "Chess.com"]
[Date "2016.11.01"]
[Round "4"]
[White "Izoria123"]
[Black "Iball95"]
[Result "1-0"]
[WhiteElo "2572"]
[BlackElo "2483"]
[TimeControl "180+2"]
[EndTime "17:50:50 PDT"]
[Termination "Izoria123 won by resignation"]

1. e4 c5 2. Nf3 Nc6 3. Bb5 Nf6 4.
Nc3 g6 5. O-O Nd4 6. e5 Nxb5 7.
Nxb5 Nd5 8. d4 Nc7 9. Nxc7+ Qxc7 10. d5 b6 11. d6 exd6 12. exd6 Qxd6 13. Re1+ Kd8 14.
Bg5+ Kc7 15. Qe2 Bb7 16. Rad1 Qc6 17. Qe5+ Bd6 18. Qf6 Rhe8 19. Rxd6 Qxf3 20. gxf3 Rxe1+ 21. Kg2 Rae8 22. Bf4 Kc8 23. Rxd7 Rg1+ 24. Kxg1 Bxf3 25. Rc7+ 1-0

[Event "*** Titled Tuesday 3|2 Blitz (Late)"]
[Site "Chess.com"]
[Date "2016.11.01"]
[Round "4"]
[White "Gabrielian_Artur"]
[Black "norwaytoadog"]
[Result "1-0"]
[WhiteElo "2546"]
[BlackElo "1985"]
[TimeControl "180+2"]
[EndTime "17:50:57 PDT"]
[Termination "Gabrielian_Artur won on time"]

1. e4 e5 2. Nf3 Nc6 3. Bc4 Nf6 4.
d3 Be7 5. O-O O-O 6. c3 d5 7.
exd5 Nxd5 8. Re1 Nb6 9. Bb3 Bd6 10. Nbd2 Bg4 11. h3 Bh5 12. Ne4 Kh8 13. a4 a5 14.
Ng3 Bg6 15. Bg5 Qd7 16. Nh4 h6 17. Nxg6+ fxg6 18. Be3 Ne7 19. Ne4 Ned5 20. Bxb6 Nxb6 21. Re3 c6 22. Rg3 Nd5 23. Rxg6 Be7 24. Qh5 Rf5 25. Qg4 Raf8 26. Ng3 Kh7 27. Rxg7+ Kh8 28. Qg6 1-0

[Event "*** Titled Tuesday 3|2 Blitz (Late)"]
[Site "Chess.com"]
[Date "2016.11.01"]
[Round "4"]
[White "Jahonas"]
[Black "BellJackson95"]
[Result "0-1"]
[WhiteElo "2154"]
[BlackElo "2247"]
[TimeControl "180+2"]
[EndTime "17:51:03 PDT"]
[Termination "BellJackson95 won by resignation"]

1. d4 Nf6 2. Nf3 c5 3. d5 e6 4. Nc3 d6 5. e4 exd5 6. exd5 Be7 7. h3 O-O 8. Bd3 a6 9. a4 Re8 10. O-O Nbd7 11. Bf4 Nf8 12. Re1 Ng6 13. Bh2 Bf8 14. Rxe8 Qxe8 15. Qd2 Bd7 16. Re1 Qb8 17. Ng5 b5 18.
axb5 axb5 19. Nce4 Nxe4 20. Bxe4 Qd8 21. h4 Be7 22. f4 f5 23. h5 fxe4 24. hxg6 hxg6 25.
Ne6 Bxe6 26. dxe6 d5 27. Rd1 d4 28. Qe2 e3 29. Qxb5 Rb8 30. Qd3 Rxb2 31. Qxg6 Qf8 32. Qe4 Qf6 33. f5 g6 34. Rf1 gxf5 35.
Qd3 Qxe6 36. Bf4 Bf6 37. Rf3 e2 38. Rg3+ Kf7 39. Bd2 Rb1+ 40. Kh2 Rd1 41. Qf3 Rxd2 0-1

[Event "*** Titled Tuesday 3|2 Blitz (Late)"]
[Site "Chess.com"]
[Date "2016.11.01"]
[Round "4"]
[White "jcibarra"]
[Black "uzbektiger95"]
[Result "0-1"]
[WhiteElo "2674"]
[BlackElo "2615"]
[TimeControl "180+2"]
[EndTime "17:51:04 PDT"]
[Termination "uzbektiger95 won by checkmate"]

1. e4 c5 2. Nf3 Nc6 3. d4 cxd4 4. Nxd4 g6 5. Nc3 Bg7 6. Be3 Nf6 7. Bc4 O-O 8. Bb3 e6 9. O-O d5 10. exd5 Nxd5 11. Nxd5 exd5 12. c3 Re8 13. Qd2 Ne5 14. Bh6 Ng4 15. Bxg7 Kxg7 16. h3 Nf6 17. Rfe1 Bd7 18.
Rad1 a6 19. Qg5 Qc7 20. Nc2 Bc6 21. Ne3 Re5 22. Qf4 Rae8 23. Rd4 a5 24. Red1 R8e6 25. Qf3 h6 26. Qf4 b6 27. Qg3 Qe7 28. Qf3 Rxe3 29.
fxe3 Rxe3 30. Qf1 Qe5 31. Qf4 Qe7 32. Rf1 Nh5 33. Qh4 Qe5 34. Qf2 f5 35. Rdd1 Ng3 36.
Rfe1 Ne2+ 37. Kh1 Rxh3+ 38. gxh3 d4+ 39. Qg2 Bxg2+ 40. Kxg2 Qg3+ 41. Kh1 Qxh3# 0-1

[Event "*** Titled Tuesday 3|2 Blitz (Late)"]
[Site "Chess.com"]
[Date "2016.11.01"]
[Round "4"]
[White "gmshanmeruga"]
[Black "tigra"]
[Result "1-0"]
[WhiteElo "2284"]
[BlackElo "2452"]
[TimeControl "180+2"]
[EndTime "17:51:22 PDT"]
[Termination "gmshanmeruga won by resignation"]

1. e4 e6 2. d4 d5 3. e5 Bd7 4. c3 c5 5. Nf3 Qb6 6. Be2 Bb5 7.
Bxb5+ Qxb5 8. a4 Qa6 9. Na3 cxd4 10. Nb5 Qa5 11. b4 Qd8 12. Nbxd4 a5 13. Bg5 Qc8 14. Bd2 Ne7 15. O-O Nec6 16. b5 Na7 17. Ng5 Be7 18.
Qh5 g6 19. Qh6 Bf8 20. Qh3 Bg7 21. Ndxe6 fxe6 22. Nxe6 Kf7 23. Ng5+ Kg8 24. Qf3 Qd7 25. e6 Qe7 26. Bc1 Bh6 27. Ba3 Qg7 28. e7 1-0

[Event "*** Titled Tuesday 3|2 Blitz (Late)"]
[Site "Chess.com"]
[Date "2016.11.01"]
[Round "4"]
[White "Maitreia"]
[Black "hermionegrangermagic"]
[Result "1-0"]
[WhiteElo "2500"]
[BlackElo "2236"]
[TimeControl "180+2"]
[EndTime "17:51:37 PDT"]
[Termination "Maitreia won by resignation"]

1. c4 e6 2. g3 d5 3. Bg2 Nf6 4.
Nf3 Be7 5. O-O O-O 6. b3 c5 7. e3 Nc6 8. Bb2 d4 9. exd4 cxd4 10. Qe2 d3 11. Qe3 Nb4 12. Na3 Qa5 13. Ne1 Rd8 14. Nb5 a6 15. a3 Nc2 16. Nxc2 axb5 17. Nb4 bxc4 18. bxc4 Qh5 19. h3 Qe2 20. Rfe1 Qxe3 21. Rxe3 Bxb4 22. axb4 Rxa1+ 23. Bxa1 b6 24. Bf1 Ba6 25.
Bxf6 gxf6 26. Rxd3 Rc8 27. b5 Bb7 28. Rd6 Bf3 29.
Rxb6 Rd8 30. d3 e5 31. Rxf6 e4 32. dxe4 Bxe4 33. Bg2 Rd1+ 34. Kh2 Bd3 35. Bd5 Kg7 36. Rxf7+ Kg6 37. Rf4 Be2 38. b6 Rb1 39. Be4+ 1-0

[Event "*** Titled Tuesday 3|2 Blitz (Late)"]
[Site "Chess.com"]
[Date "2016.11.01"]
[Round "4"]
[White "AlexanderL"]
[Black "Yaacovn"]
[Result "1-0"]
[WhiteElo "2566"]
[BlackElo "2559"]
[TimeControl "180+2"]
[EndTime "17:51:51 PDT"]
[Termination "AlexanderL won on time"]

1. d4 Nf6 2. c4 e6 3. g3 d5 4. Nf3 dxc4 5. Bg2 Nbd7 6. O-O a6 7. a4 Rb8 8. a5 b5 9. axb6 cxb6 10. Bf4 Rb7 11.
Nc3 Bb4 12. Ne5 Nxe5 13. Qa4+ Bd7 14. Qxb4 Nc6 15. Qxc4 b5 16. Qc5 Qb6 17. Qxb6 Rxb6 18. Bd6 a5 19. Bc5 Rb8 20. Rfd1 a4 21. d5 exd5 22.
Nxd5 Nxd5 23. Bxd5 Na5 24. Ra3 Be6 25. Re3 Rd8 26. Bb6 Nc4 27. Bxd8 Nxe3 28. fxe3 1-0

[Event "*** Titled Tuesday 3|2 Blitz (Late)"]
[Site "Chess.com"]
[Date "2016.11.01"]
[Round "4"]
[White "FairChess_on_YouTube"]
[Black "theprosecution1"]
[Result "1-0"]
[WhiteElo "2759"]
[BlackElo "2504"]
[TimeControl "180+2"]
[EndTime "17:51:54 PDT"]
[Termination "FairChess_on_YouTube won by resignation"]

1. d4 Nf6 2. Bg5 d5 3. Nd2 Nbd7 4. e3 e6 5. c4 c6 6. Rc1 Be7 7. Ngf3 O-O 8. Bd3 h6 9. Bh4 b6 10. O-O Bb7 11. Bg3 Rc8 12. cxd5 cxd5 13. Qa4 a6 14.
Ne5 b5 15. Qd1 Nxe5 16. Bxe5 Qb6 17. Qf3 Nd7 18. Bf4 Rxc1 19. Rxc1 Rc8 20. Rxc8+ Bxc8 21. Qd1 Qc6 22. h3 Bd6 23. Bxd6 Qxd6 24. Qc2 Bb7 25. Nb3 Qb6 26. a3 Kf8 27. Qc3 f6 28. Bg6 Ke7 29.
Na5 Ba8 30. f4 Nf8 31. Bh5 Kd7 32. Nb3 Bb7 33. Nc5+ Kd8 34. Qa5 Kc7 35. Qe1 Bc8 36. Qg3 g5 37. fxg5+ 1-0

[Event "*** Titled Tuesday 3|2 Blitz (Late)"]
[Site "Chess.com"]
[Date "2016.11.01"]
[Round "4"]
[White "Peroncio"]
[Black "chessking2151"]
[Result "1-0"]
[WhiteElo "2501"]
[BlackElo "2322"]
[TimeControl "180+2"]
[EndTime "17:52:01 PDT"]
[Termination "Peroncio won by resignation"]

1. e4 e5 2. Nf3 Nc6 3. Bb5 f5 4. Nc3 fxe4 5. Nxe4 Nf6 6. Qe2 d5 7.
Nxf6+ gxf6 8. d4 Bg7 9. c4 Bg4 10. h3 Bh5 11. g4 Bf7 12. dxe5 O-O 13. Bxc6 bxc6 14. e6 Re8 15. exf7+ Kxf7 16. Be3 Qe7 17. O-O h5 18. g5 f5 19. Qd3 Qe4 20. Qxe4 fxe4 21.
Nd4 c5 22. Nb5 d4 23. Nxc7 dxe3 24. fxe3+ Kg6 25. h4 Rac8 26. Nxe8 Rxe8 27. Rf2 Rd8 28.
Rb1 a5 29. Kf1 Be5 30. Rg2 Rf8+ 31. Ke2 Rb8 32. b3 a4 33. Rgg1 Ra8 34. b4 cxb4 35.
Rxb4 a3 36. Rb6+ Kg7 37. Rf1 Rd8 38. Rf5 Bc3 39. Rd5 Rc8 40. Rd7+ Kg8 41. c5 Be5 42. Re6 Bg3 43. Rg6+ Kh8 44. c6 Rf8 45. Rf6 Rb8 46. c7 Rb2+ 47. Kd1 Rb1+ 48. Kc2 Rb2+ 49. Kc3 Be5+ 50.
Kc4 Rc2+ 51. Kd5 Bxf6 52. gxf6 Kg8 53. Rd8+ Kf7 54. c8=Q 1-0